 Dungeon Crawl Stone Soup version 0.20-a0-1078-g4874019 (console) character file.

7681 vuev the Cruncher (level 11, -2/69 HPs)
             Began as a Gargoyle Gladiator on Apr 30, 2017.
             Was a High Priest of Okawaru.
             Slain by a blink frog (8 damage)
             ... on level 9 of the Dungeon.
             The game lasted 00:26:55 (12956 turns).

vuev the Cruncher (Gargoyle Gladiator)             Turns: 12956, Time: 00:26:56

Health: -2/69      AC:  9    Str: 21    XL:     11   Next: 19%
Magic:  9/11       EV: 18    Int:  9    God:    Okawaru [*****.]
Gold:   404        SH:  0    Dex: 11    Spells: 10/10 levels left

rFire    . . .     SeeInvis .   a - +0 quarterstaff
rCold    . . .     Gourm    .   (shield currently unavailable)
rNeg     + + .     Faith    .   (no armour)
rPois    ∞         Spirit   .   c - +0 helmet
rElec    +         Reflect  .   (no cloak)
rCorr    .         Harm     .   (no gloves)
MR       +....                  (no boots)
Stlth    +++.......             (no amulet)
Regen    0.3/turn               y - ring of protection from magic
MPRegen  0.2/turn               J - ring of positive energy

@: heroism
A: negative energy resistance 1, electricity resistance, unbreathing,
petrification resistance, rot immunity, AC +7
a: Heroism, Finesse, Renounce Religion


You were on level 9 of the Dungeon.
You worshipped Okawaru.
Okawaru was extremely pleased with you.
You were not hungry.

You visited 2 branches of the dungeon, and saw 10 of its levels.

You collected 404 gold pieces.

Inventory:

Hand Weapons
 a - a +0 quarterstaff (weapon)
 b - a +1 longbow of flaming
Missiles
 d - a throwing net (quivered)
 h - 49 arrows
Armour
 c - a +0 helmet (worn)
Jewellery
 n - a +5 amulet of reflection {unknown}
 y - a ring of protection from magic (left hand)
 A - an uncursed ring of flight
 D - a +3 ring of intelligence
 J - a ring of positive energy (right hand)
Wands
 p - a wand of random effects (13/48)
 v - a wand of paralysis (0/24)
 E - a wand of flame (0/48)
Scrolls
 e - a scroll of torment {unknown}
 g - 3 scrolls of teleportation
 i - a scroll of recharging
 l - a scroll of magic mapping
 q - a scroll of enchant weapon {unknown}
 r - a scroll of blinking
 s - 4 scrolls of fear {unknown}
 t - 4 scrolls of noise {unknown}
 u - 7 scrolls of remove curse
 x - a scroll of immolation {unknown}
 F - 3 scrolls of enchant armour {unknown}
Potions
 o - a potion of curing
 w - 2 potions of lignification
 z - a potion of mutation
 K - a potion of ambrosia
Comestibles
 f - 5 bread rations
 k - 4 royal jellies


   Skills:
 + Level 8.9(13.9) Fighting
 * Level 11.0(16.0) Staves
 + Level 0.2(5.2) Bows
 - Level 1.7(6.7) Throwing
 + Level 8.2(13.2) Armour
 + Level 6.7(11.7) Dodging


You had 10 spell levels left.
You didn't know any spells.

Dungeon Overview and Level Annotations

Branches:
Dungeon (9/15)             Temple (0/1) D:7            Lair (1/6) D:9
    Orc: D:9-12

Altars:
Dithmenos
Elyvilon
Okawaru
Sif Muna
Yredelemnul


Innate Abilities, Weirdness & Mutations

You are resistant to torment.
Your stone body is resilient. (AC +7)
You are immune to poison.
You resist negative energy. (rN+)
You are resistant to electric shocks. (rElec)
You can survive without breathing.
You are immune to petrification.
You are immune to rotting.


Message History

The blink frog is moderately wounded.
The blink frog misses you. The blink frog hits you!
* * * LOW HITPOINT WARNING * * *
You gain the combat prowess of a mighty hero.
The blink frog hits you.
* * * LOW HITPOINT WARNING * * *
The blink frog hits you but does no damage.
The blink frog misses you.
Unknown command.
You feel much better. The blink frog misses you. The blink frog hits you!
* * * LOW HITPOINT WARNING * * *
The blink frog blinks!
The blink frog completely misses you.
You miss the blink frog.
The blink frog is severely wounded.
The blink frog blinks!
The blink frog hits you!
* * * LOW HITPOINT WARNING * * *
You closely miss the blink frog.
The blink frog is severely wounded.
The blink frog hits you!
You die...

#.....#..F...
###.....#........
........#.........
...................
...................
.............#..§.........
#.......#....#...#.........
##............#§@)#...#.....
##............#F.............#
##.......#.......#...(.......#
##.......#...................#
##.......#........##.##......#
##.......'......+.....#(..(..#
##.......#......#######.(....#
#######'##.###..# #......#
#..........# #..# #......#


You could see 2 blink frogs.

Vanquished Creatures
  2 two-headed ogres (D:8)
  A kobold demonologist (D:8)
  2 yaks (D:9)
  A hungry ghost (D:7)
  Duvessa (D:7)
  4 water moccasins
  3 sky beasts
  2 ice beasts
  A black bear (D:7)
  An orc warrior (D:7)
  2 phantoms
  A necrophage (D:8)
  9 ogres
  2 bullfrogs
  16 big kobolds (D:8)
  Dowan (D:6)
  6 scorpions
  3 wights (D:7)
  2 howler monkeys
  9 crimson imps
  A centaur zombie (D:7)
  A quasit (D:9)
  A hound (D:6)
  2 jellies
  8 orc priests
  A centaur skeleton (D:8)
  11 orc wizards
  Jessica (D:3)
  6 iguanas
  8 worker ants
  A worker ant zombie (D:8)
  4 gnolls (D:4)
  11 adders
  4 adder zombies
  3 adder skeletons
  2 worms
  5 dart slugs
  3 leopard geckos
  33 orcs
  A ball python (D:2)
  6 bats
  8 giant cockroaches
  7 hobgoblins
  15 jackals
  3 quokkas
  5 frilled lizards
  8 goblins
  2 jackal skeletons
  19 kobolds
  13 rats
262 creatures vanquished.

Notes
Turn   | Place    | Note
-------+----------+-------------------------------------------
     0 | D:1      | vuev the Gargoyle Gladiator began the quest for the Orb.
     0 | D:1      | Reached XP level 1. HP: 12/12 MP: 1/1
   193 | D:1      | Reached XP level 2. HP: 17/17 MP: 2/2
   333 | D:1      | Reached skill level 1 in Armour
   764 | D:1      | Reached XP level 3. HP: 22/22 MP: 3/3
  1151 | D:2      | Found an iron altar of Okawaru.
  1256 | D:2      | Became a worshipper of Warmaster Okawaru
  1570 | D:2      | Reached XP level 4. HP: 27/27 MP: 4/4
  1988 | D:3      | Reached skill level 4 in Staves
  2099 | D:3      | Reached XP level 5. HP: 23/32 MP: 5/5
  2244 | D:3      | Noticed Jessica
  2455 | D:3      | Reached XP level 6. HP: 6/37 MP: 6/6
  2756 | D:3      | Killed Jessica
  3179 | D:4      | Reached skill level 5 in Staves
  3440 | D:4      | Reached XP level 7. HP: 37/43 MP: 7/7
  3518 | D:4      | Reached * piety under Okawaru
  3838 | D:4      | Found a shadowy altar of Dithmenos.
  4281 | D:4      | Found a deep blue altar of Sif Muna.
  4356 | D:5      | Entered Level 5 of the Dungeon
  4398 | D:5      | Reached skill level 6 in Staves
  4624 | D:5      | Reached skill level 5 in Fighting
  4624 | D:5      | Reached XP level 8. HP: 45/49 MP: 8/8
  4632 | D:5      | Reached ** piety under Okawaru
  5424 | D:5      | Reached skill level 7 in Staves
  5897 | D:6      | Reached skill level 5 in Armour
  6341 | D:6      | Reached XP level 9. HP: 44/56 MP: 9/9
  6541 | D:6      | Reached *** piety under Okawaru
  6843 | D:7      | Noticed Dowan
  6844 | D:7      | Noticed Duvessa
  6865 | D:7      | Killed Duvessa
  6892 | D:6      | Reached skill level 8 in Staves
  7190 | D:6      | Killed Dowan
  7273 | D:6      | Reached skill level 5 in Dodging
  8206 | D:7      | Found a staircase to the Ecumenical Temple.
  8578 | D:7      | Found a basalt altar of Yredelemnul.
  8771 | D:7      | Found a white marble altar of Elyvilon.
  8818 | D:7      | Reached skill level 9 in Staves
  8867 | D:7      | Reached **** piety under Okawaru
  8944 | D:8      | Reached XP level 10. HP: 63/63 MP: 10/10
  9552 | D:8      | Noticed a two-headed ogre
  9717 | D:8      | Killed a two-headed ogre
 10031 | D:8      | Noticed a kobold demonologist
 10082 | D:8      | Killed a kobold demonologist
 10082 | D:8      | Reached skill level 10 in Staves
 10540 | D:8      | Received a gift from Okawaru
 10951 | D:8      | Reached ***** piety under Okawaru
 11239 | D:8      | Reached XP level 11. HP: 69/69 MP: 11/11
 11442 | D:8      | Noticed a two-headed ogre
 11465 | D:8      | Killed a two-headed ogre
 11465 | D:8      | Received a gift from Okawaru
 11465 | D:8      | Reached skill level 11 in Staves
 11755 | D:9      | Noticed a two-headed ogre
 12197 | D:9      | Noticed a death yak
 12199 | D:9      | Noticed a death yak
 12204 | D:9      | Noticed a death yak
 12583 | D:9      | Found a staircase to the Lair.
 12601 | Lair:1   | Entered Level 1 of the Lair of Beasts
 12622 | D:9      | HP: 2/69 [orc/broad axe of freezing (3)]
 12956 | D:9      | Slain by a blink frog

Vault maps used:
D:1:      saegor_arrival_simple_e, st_stairs_11, kennysheep_nondescript,
          amethyst_killhole
D:2:      kennysheep_okawaru_gauntlet
D:3:      fountainhead, uniq_jessica
D:4:      grunt_dithmenos_smoke_and_mirrors, first_bread, tgw_sif
D:5:      cheibrodos_helix_gallery
D:6:      hangedman_decor_diamond_cutter
D:7:      kennysheep_ying_yang, minmay_temple_entry_statues_fountains,
          uniq_duvessa
D:8:      special_room
D:9:      dpeg_lair_monsters, serial_shops, kennysheep_little_box, uniq_erica
Lair:1:   basic_altar, hangedman_lair_generics_rect, serial_bayou_shore_a,
          lemuel_fruit_tree

Skill      XL: |  1  2  3  4  5  6  7  8  9 10 11 |
---------------+----------------------------------+-----
Armour         | 1 2 3 4 5 6 7 8 |  8.2
Fighting       | 3 4 5 6 7 8 |  8.9
Staves         | 4 5 6 7 9 10 11 | 11.0
Dodging        | 3 4 5 6 |  6.7
Bows           | |  0.2
Throwing       | |  1.7

Action                   |  1- 3 |  4- 6 |  7- 9 | 10-12 || total
-------------------------+-------+-------+-------+-------++-------
Melee: Quarterstaff      |   105 |   156 |   498 |   458 ||  1217
 Fire: Longbow           |       |       |       |    36 ||    36
Throw: Stone             |    18 |    66 |    46 |     6 ||   136
       Throwing net      |       |       |    12 |     2 ||    14
Invok: Heroism           |       |       |     2 |     7 ||     9
Evoke: Wand              |       |     4 |    26 |     7 ||    37
  Use: Scroll            |       |       |    12 |     5 ||    17
       Potion            |       |       |     6 |     2 ||     8
 Stab: Distracted        |     1 |       |       |     1 ||     2
       Paralysed         |       |    13 |    11 |       ||    24
       Held in net/web   |       |       |     2 |       ||     2
       Sleeping          |       |       |       |     1 ||     1
  Eat: Chunk             |     2 |     6 |    13 |     5 ||    26
       Meat ration       |       |       |     1 |     2 ||     3
       Fruit             |       |       |     5 |       ||     5
Armor: Leather armour    |    37 |    54 |    14 |       ||   105
       Skin              |       |       |    95 |   129 ||   224
Dodge: Dodged            |    67 |   103 |   244 |   309 ||   723
